 Dungeon Crawl Stone Soup version 0.27-a0-1456-gf5a116941d (webtiles) character file.

Game seed: 16663471532406396927

240 Tocho the Magician (level 6, -1/44 HPs)
             Began as a Gnoll Wanderer on July 5, 2021.
             Slain by an ogre (16 damage)
             ... on level 4 of the Dungeon.
             The game lasted 00:07:02 (3776 turns).

Tocho the Magician (Gnoll Wanderer)                 Turns: 3776, Time: 00:07:04

Health: -1/44      AC:  3    Str: 11    XL:     6   Next: 8%
Magic:  5/13       EV: 11    Int: 14    God:
Gold:   74         SH:  0    Dex: 11    Spells: 11/15 levels left

rFire    . . .     SeeInvis .   g - +0 long sword
rCold    . . .     Faith    .   (no shield)
rNeg     . . .     Spirit   .   k - +0 leather armour
rPois    .         Reflect  .   (no helmet)
rElec    .         Harm     .   (no cloak)
rCorr    .         Rampage  .   (no gloves)
Will     .....                  (no boots)
Stlth    +.........             (no amulet)
HPRegen  0.14/turn              (no ring)
MPRegen  0.13/turn              (no ring)

@: no status effects
A: fangs 1, strong nose, distributed training
a: no special abilities


You were on level 4 of the Dungeon.
You visited 1 branch of the dungeon, and saw 4 of its levels.

You collected 74 gold pieces.

Inventory:

Hand Weapons
 a - a +0 club
 g - a +0 long sword (weapon)
Missiles
 p - 3 silver javelins
Armour
 b - a +0 robe
 k - a +0 leather armour (worn)
Magical Staves
 l - a staff of cold
Jewellery
 o - a ring of protection from cold
Scrolls
 c - a scroll of summoning {unknown}
 e - a scroll of magic mapping {unknown}
 i - a scroll of identify {unknown}
 m - a scroll of acquirement {unknown}
 n - a scroll of fear {unknown}
 q - 2 scrolls of amnesia {unknown}
Potions
 d - a potion of heal wounds {unknown}
 f - a potion of curing {unknown}
 h - a potion of might {unknown}
 j - a potion of haste {unknown}
 r - a potion of attraction {unknown}


   Skills:
 + Level 1.8 Fighting
 + Level 1.8 Short Blades
 + Level 1.8 Long Blades
 + Level 3.1 Axes
 + Level 1.8 Maces & Flails
 + Level 1.8 Polearms
 + Level 1.8 Staves
 + Level 1.8 Slings
 + Level 1.8 Bows
 + Level 1.8 Crossbows
 + Level 1.8 Throwing
 + Level 4.9 Armour
 + Level 1.8 Dodging
 + Level 1.8 Stealth
 + Level 1.8 Shields
 + Level 1.8 Unarmed Combat
 + Level 5.3 Spellcasting
 + Level 1.4 Conjurations
 + Level 1.4 Hexes
 + Level 1.4 Summonings
 + Level 1.4 Necromancy
 + Level 1.4 Translocations
 + Level 1.4 Transmutations
 + Level 1.4 Fire Magic
 + Level 1.4 Ice Magic
 + Level 4.0 Air Magic
 + Level 1.4 Earth Magic
 + Level 2.5 Poison Magic
 + Level 2.0 Invocations
 + Level 4.9 Evocations


You had 11 spell levels left.
You knew the following spells:

 Your Spells              Type           Power      Damage    Failure   Level
a - Shock                 Conj/Air       44%        1d5       7%          1
b - Static Discharge      Conj/Air       11%        N/A       11%         2
c - Foxfire               Conj/Fire      28%        2x1d5     12%         1

Your spell library contained the following spells:

 Spells                   Type           Power      Damage    Failure   Level
 Swiftness                Air            15%        N/A       12%         3
 Blink                    Tloc           N/A        N/A       19%         2
 Inner Flame              Hex/Fire       7%         N/A       36%         3
 Airstrike                Air            7%         N/A       38%         4
 Manifold Assault         Tloc           7%         N/A       98%         5
 Storm Form               Tmut/Air       5%         N/A       100%        7


Dungeon Overview and Level Annotations

Branches:
Dungeon (4/15)
 Temple: D:4-7

Altars:


Innate Abilities, Weirdness & Mutations

You have very sharp teeth.
Your uncanny sense of smell can sniff out nearby items.
Your experience applies equally to all skills.


Message History

You start resting.
HP restored.
You climb downwards.
The ogre hits you with a +0 giant club!
The adder skeleton bites you but does no damage.
The ogre barely misses you.
There is a stone staircase leading up here.
Casting: Shock (safe; 7% risk of failure)
Confirm with . or Enter, or press ? or * to list all spells.
The ogre is struck by an arc of lightning!
The ogre is moderately wounded.
The adder skeleton is struck by an arc of lightning.
The adder skeleton is moderately damaged.
The lightning grounds out.
The adder skeleton is struck by an arc of lightning!
The adder skeleton is severely damaged.
The ogre is struck by an arc of lightning.
The ogre is moderately wounded.
The lightning grounds out.
The adder skeleton closely misses you.
Casting: Static Discharge (safe; 11% risk of failure)
Confirm with . or Enter, or press ? or * to list all spells.
The ogre is struck by an arc of lightning!
The ogre is severely wounded.
You are struck by an arc of lightning.
The lightning grounds out.
The adder skeleton is struck by an arc of lightning.
You destroy the adder skeleton!
You are struck by an arc of lightning.
The lightning grounds out.
The ogre hits you with a +0 giant club!
Casting: Static Discharge (safe; 11% risk of failure)
Confirm with . or Enter, or press ? or * to list all spells.
The ogre is struck by an arc of lightning.
The ogre is almost dead.
You are struck by an arc of lightning.
The lightning grounds out.
The ogre completely misses you.
Casting: Static Discharge (safe; 11% risk of failure)
Confirm with . or Enter, or press ? or * to list all spells.
The ogre is struck by an arc of lightning.
The ogre is almost dead.
You are struck by an arc of lightning.
The lightning grounds out.
The ogre hits you with a +0 giant club!
You die...

#.## #..#
##.# #.#
####.#
#...รท#
###....##
#.......#
#.@O..).#
#.......#
###...###
#...#
##.## #.#
.# .#


You could see an ogre.

Vanquished Creatures
  A scorpion (D:4)
  9 adders
  3 gnolls (D:3)
  An adder skeleton (D:4)
  2 dart slugs
  An orc (D:3)
  11 bats
  4 endoplasms
  4 giant cockroaches
  4 goblins
  6 hobgoblins
  5 jackals
  2 quokkas
  4 ball pythons
  3 kobolds
  5 rats
65 creatures vanquished.

Vanquished Creatures (others)
  4 foxfires
4 creatures vanquished.

Grand Total: 69 creatures vanquished

Notes
Turn   | Place    | Note
-------+----------+-------------------------------------------
     0 | D:1      | Tocho the Gnoll Wanderer began the quest for the Orb.
     0 | D:1      | Tocho set off with the following items: a +0 club, a +0
                  | robe; and the following spells available to memorise:
                  | Shock, Swiftness, Static Discharge, Foxfire, Airstrike,
                  | Inner Flame
     0 | D:1      | Reached XP level 1. HP: 13/13 MP: 6/6
    43 | D:1      | Learned a level 1 spell: Shock
   280 | D:1      | Reached XP level 2. HP: 19/19 MP: 7/7
   307 | D:1      | Learned a level 2 spell: Static Discharge
   309 | D:1      | Learned a level 1 spell: Foxfire
  1125 | D:2      | Reached skill level 5 in Spellcasting
  1125 | D:2      | Reached XP level 3. HP: 20/25 MP: 2/9
  1414 | D:2      | Reached skill level 1 in Invocations
  1522 | D:2      | Found a faded altar of an unknown god.
  1694 | D:2      | Reached skill level 1 in Fighting
  1694 | D:2      | Reached skill level 1 in Short Blades
  1694 | D:2      | Reached skill level 1 in Long Blades
  1694 | D:2      | Reached skill level 1 in Maces & Flails
  1694 | D:2      | Reached skill level 1 in Polearms
  1694 | D:2      | Reached skill level 1 in Staves
  1694 | D:2      | Reached skill level 1 in Slings
  1694 | D:2      | Reached skill level 1 in Bows
  1694 | D:2      | Reached skill level 1 in Crossbows
  1694 | D:2      | Reached skill level 1 in Throwing
  1694 | D:2      | Reached skill level 1 in Dodging
  1694 | D:2      | Reached skill level 1 in Stealth
  1694 | D:2      | Reached skill level 1 in Shields
  1694 | D:2      | Reached skill level 1 in Unarmed Combat
  2091 | D:2      | Reached XP level 4. HP: 26/32 MP: 11/11
  2487 | D:3      | Reached skill level 1 in Conjurations
  2487 | D:3      | Reached skill level 1 in Hexes
  2487 | D:3      | Reached skill level 1 in Summonings
  2487 | D:3      | Reached skill level 1 in Necromancy
  2487 | D:3      | Reached skill level 1 in Translocations
  2487 | D:3      | Reached skill level 1 in Transmutations
  2487 | D:3      | Reached skill level 1 in Fire Magic
  2487 | D:3      | Reached skill level 1 in Ice Magic
  2487 | D:3      | Reached skill level 1 in Earth Magic
  2731 | D:3      | Reached XP level 5. HP: 23/37 MP: 4/12
  3575 | D:4      | Reached XP level 6. HP: 20/44 MP: 2/13
  3776 | D:4      | Slain by an ogre

Illustrated notes

Levels and vault maps discovered:
D:1:      saegor_arrival_simple_e, layout_loops_ring
D:2:      layout_loops_corners, ebering_ecumenical_altar_webs
D:3:      layout_rooms, minmay_crystal_room
D:4:      layout_loops_ring, nicolae_ru_great_annihilating_truth

Skill      XL: |  1  2  3  4  5 |
---------------+----------------+-----
Poison Magic   | 2 |  2.5
Spellcasting   | 5 |  5.3
Invocations    | 1 2 |  2.0
Fighting       | 1 |  1.8
Short Blades   | 1 |  1.8
Long Blades    | 1 |  1.8
Maces & Flails | 1 |  1.8
Polearms       | 1 |  1.8
Staves         | 1 |  1.8
Slings         | 1 |  1.8
Bows           | 1 |  1.8
Crossbows      | 1 |  1.8
Throwing       | 1 |  1.8
Dodging        | 1 |  1.8
Stealth        | 1 |  1.8
Shields        | 1 |  1.8
Unarmed Combat | 1 |  1.8
Conjurations   | 1 |  1.4
Hexes          | 1 |  1.4
Summonings     | 1 |  1.4
Necromancy     | 1 |  1.4
Translocations | 1 |  1.4
Transmutations | 1 |  1.4
Fire Magic     | 1 |  1.4
Ice Magic      | 1 |  1.4
Earth Magic    | 1 |  1.4
Axes           | 3 |  3.1
Air Magic      | 4 |  4.0
Armour         | |  4.9
Evocations     | |  4.9

Action                   |  1- 3 |  4- 6 || total
-------------------------+-------+-------++-------
Melee: Club              |    10 |       ||    10
       Bite              |     8 |     1 ||     9
       Long sword        |    39 |    37 ||    76
 Cast: Shock             |    36 |    53 ||    89
       Static Discharge  |     4 |    16 ||    20
       Foxfire           |     1 |     1 ||     2
 Stab: Sleeping          |     1 |       ||     1
Armor: Robe              |     9 |       ||     9
       Leather armour    |     1 |    30 ||    31
Dodge: Dodged            |    40 |    66 ||   106
       Rpst.: Long sword |     5 |    15 ||    20

Table legend: (Time is in decaauts)
 A = Elapsed time spent in this place.
 B = Non-inter-level travel time spent in this place.
 C = Inter-level travel time spent in this place.
 D = Time resting spent in this place.
 E = Time spent auto-exploring this place.
 F = Levels seen in this place.
 G = Mean time per level.
                   A        B        C        D        E       F      G
               +--------+--------+--------+--------+--------+-----+--------+
         Total |   3804 |   3702 |    102 |    129 |   3107 |   4 |  951.0 |
       Dungeon |   3804 |   3702 |    102 |    129 |   3107 |   4 |  951.0 |
               +--------+--------+--------+--------+--------+-----+--------+

Top non-repeatable levels by time:
     D:2: 1433 daAuts
     D:3: 1209 daAuts
     D:1: 964 daAuts
     D:4: 196 daAuts
